 Dungeon Crawl Stone Soup version 0.26.1-11-gd32895ea62 (webtiles) character file.

Game seed: 10493200647990972109

49 DildoBatman the Conjurer (level 4, 0/30 HPs)
             Began as a Formicid Conjurer on July 23, 2021.
             Slain by a giant cockroach (1 damage)
             ... on level 2 of the Dungeon.
             The game lasted 00:02:51 (1461 turns).

DildoBatman the Conjurer (Formicid Conjurer)        Turns: 1461, Time: 00:02:51

Health: 0/30       AC:  2    Str: 12    XL:     4   Next: 1%
Magic:  7/7        EV: 12    Int: 17    God:
Gold:   99         SH:  0    Dex: 10    Spells: 4/7 levels left

rFire    . . .     SeeInvis +   a - -1 hunting sling (curse)
rCold    . . .     Faith    .   (no shield)
rNeg     . . .     Spirit   .   n - +0 robe
rPois    .         Reflect  .   (helmet unavailable)
rElec    .         Harm     .   (no cloak)
rCorr    .         Rampage  .   (no gloves)
Will     .....                  (no boots)
Stlth    +.........             (no amulet)
HPRegen  0.10/turn              m - ring of attention (curse)
MPRegen  0.10/turn              (no ring)

@: no status effects
A: permanent stasis, dig shafts and tunnels, four strong arms, antennae 3
a: Dig, Shaft Self


You were on level 2 of the Dungeon.
You visited 1 branch of the dungeon, and saw 2 of its levels.

You collected 99 gold pieces.

Inventory:

Hand Weapons
 a - a cursed -1 hunting sling (weapon)
Missiles
 c - 8 arrows
 d - 44 stones (quivered ammo)
Armour
 n - a +0 robe (worn)
Jewellery
 m - a cursed ring of attention (left hand)
Scrolls
 f - 2 scrolls of enchant weapon
 h - 2 scrolls of fear
 i - a scroll of teleportation {unknown}
 k - a scroll of amnesia {unknown}
Potions
 b - 2 potions of berserk rage {unknown}
 g - a potion of attraction {unknown}
 j - a potion of curing {unknown}
 l - a potion of mutation {unknown}


   Skills:
 - Level 1.7 Dodging
 - Level 2.4 Stealth
 - Level 2.1 Spellcasting
 * Level 4.8 Conjurations


You had 4 spell levels left.
You knew the following spells:

 Your Spells              Type           Power        Failure   Level
a - Searing Ray           Conj           36%          3%          2
c - Magic Dart            Conj           72%          2%          1

Your spell library contained the following spells:

 Spells                   Type           Power        Failure   Level
 Dazzling Flash           Conj/Hex       20%          22%         3
 Fulminant Prism          Conj/Hex       5%           56%         4
 Iskenderun's Mystic Bla  Conj/Tloc      10%          56%         4


Dungeon Overview and Level Annotations

Branches:
Dungeon (2/15)

Altars:
Ru


Innate Abilities, Weirdness & Mutations

You cannot be hasted, slowed, berserked, paralysed or teleported.
You can dig through walls and to a lower floor.
Your four strong arms can wield two-handed weapons with a shield.
You have a pair of large antennae on your head. (SInv)


Message History

You shout for attention!
The giant cockroach bites you. The giant cockroach closely misses you.
What are your orders? t - Shout!
Orders for allies: a - Attack new target. r - Retreat! s - Stop attacking. g - Guard the area. f - Follow me.
Anything else - Cancel.
You shout for attention!
The giant cockroach bites you. What are your orders? t - Shout!
Orders for allies: a - Attack new target. r - Retreat! s - Stop attacking. g - Guard the area. f - Follow me.
Anything else - Cancel.
You shout for attention!
The giant cockroach bites you.
You die...

...####............##.#
...................# ..
#................# #
#..........†.....####
#....................
####........#....#### {
#.####............
###B...#..##########
#..@...#.....####
#......#..##....#
....._......#####.## #
#.#......##### #).# #
#. #......# ##.# # #
#....### #.### ####.#
#.... ..# ##### #


You could see a giant cockroach.

Vanquished Creatures
  2 adders (D:2)
  2 worms (D:2)
  3 leopard geckos
  5 goblins
  3 hobgoblins (D:1)
  4 bats
  2 rats (D:1)
21 creatures vanquished.

Notes
Turn   | Place    | Note
-------+----------+-------------------------------------------
     0 | D:1      | DildoBatman the Formicid Conjurer began the quest for the
                  | Orb.
     0 | D:1      | Reached XP level 1. HP: 13/13 MP: 3/3
   238 | D:1      | Reached XP level 2. HP: 19/19 MP: 1/5
   241 | D:1      | Learned a level 2 spell: Searing Ray
   339 | D:1      | Reached skill level 4 in Conjurations
   981 | D:2      | Reached XP level 3. HP: 21/24 MP: 1/6
  1335 | D:2      | Reached XP level 4. HP: 30/30 MP: 1/7
  1359 | D:2      | Found a sacrificial altar of Ru.
  1460 | D:2      | HP: 1/30 [giant cockroach (1)]
  1461 | D:2      | Slain by a giant cockroach

Illustrated notes

Levels and vault maps discovered:
D:1:      saegor_arrival_simple_e, layout_basic, serial_corexii_hall,
          corexii_hall_statues_deadend, corexii_hall_statues_i,
          corexii_hall_statues_u, corexii_hall_statues_l,
          corexii_hall_statues_s, chequers_hall_statues_wall_a
D:2:      layout_rooms, nicolae_overflow_crystal_walls

Skill      XL: |  1  2 |
---------------+-------+-----
Conjurations   | 4 |  4.8
Dodging        | |  1.7
Stealth        | |  2.4
Spellcasting   | |  2.1

Action                   |  1- 3 |  4- 6 || total
-------------------------+-------+-------++-------
Melee: Club              |     5 |       ||     5
 Fire: Hunting sling     |     3 |       ||     3
 Cast: Magic Dart        |    23 |       ||    23
       Searing Ray       |     7 |       ||     7
  Use: Scroll            |     2 |       ||     2
Armor: Robe              |     2 |    29 ||    31
Dodge: Dodged            |     9 |    68 ||    77
